AoeStats
← 一条固执的鱼

Nomad

509889631Analyzed
4v4 RM · 3d ago on Sep 28, 2026· 45m 7s· 8 players
Game mode
Random Map
Map size
231×231
Population
200
Speed
Normal
Resources
Standard
Victory
Conquest
Starting age
Dark Age
Ending age
Imperial Age
RankedLock teamsTeams togetherTeam positionsShared explorationLock speedFull tech treeHidden civsTurbo modeCheats
Victory
Defeat
🇨🇳 Vietnamese · China
1306
+15
🇨🇳 Mongols · China
1301
+15
🇨🇳 Franks · China
1284
+16
🇨🇳 Portuguese · China
1275
+16
🇹🇼 Saxons · Taiwan
1315
-17
🇹🇼 Britons · Taiwan
1269
-15
🇹🇼 Franks · Taiwan
1269
-15
🇹🇼 Persians · Taiwan
1269
-15
A POPO
6:00 Loom
14:48 Feudal Age
15:08 Double-Bit Axe
19:43 Castle Age
18:48 Horse Collar
23:21 Bow Saw
24:53 Forging
26:38 Scale Barding Armor
29:18 Wheelbarrow
31:10 Fishing Lines
31:53 Bloodlines
31:04 Light Cavalry
32:25 Husbandry
34:24 Hand Cart
38:00 Iron Casting
37:46 Chain Barding Armor
44:58 Imperial Age
aireight
5:00 Loom
15:06 Feudal Age
18:48 Castle Age
18:05 Double-Bit Axe
18:34 Fletching
19:41 Bodkin Arrow
20:05 Bow Saw
20:40 Gold Mining
23:52 Medium Warships
24:37 Padded Archer Armor
26:53 Wheelbarrow
26:08 Town Watch
29:28 Horse Collar
30:16 Ballistics
31:36 Hand Cart
32:06 Scale Mail Armor
32:28 Heavy Plow
36:15 Imperial Age
35:02 Chain Mail Armor
35:57 Forging
37:35 Plate Mail Armor
37:41 Iron Casting
37:38 Shield Wall
40:12 Chemistry
39:34 Bracer
39:33 Elite Hearth Troop
41:10 Leather Archer Armor
42:04 Arson
42:20 Squires
41:46 Heavy Mounted Crossbowman
42:20 Pikeman
44:47 Ring Archer Armor
44:34 Halberdier
jkojoe
11:08 Loom
13:43 Feudal Age
14:52 Double-Bit Axe
16:59 Stone Mining
19:25 Castle Age
17:30 Fishing Lines
17:48 Gold Mining
21:37 Bow Saw
21:38 Crossbowman
22:42 Fletching
28:29 Gillnets
29:15 Ballistics
29:54 Gold Shaft Mining
29:24 Horse Collar
33:21 Imperial Age
31:52 Wheelbarrow
31:43 Bodkin Arrow
31:49 Padded Archer Armor
35:04 Chemistry
34:10 Siege Engineers
35:15 Hand Cart
34:47 Town Watch
35:52 Conscription
35:51 Bracer
35:38 Treadmill Crane
38:07 Two-Man Saw
41:44 Town Patrol
42:59 Yeomen
42:00 Elite Longbowman
42:08 Arbalester
43:38 Leather Archer Armor
xbuner2009
5:47 Loom
16:13 Feudal Age
16:59 Double-Bit Axe
17:11 Fishing Lines
20:11 Castle Age
18:43 Stone Mining
19:33 Scale Barding Armor
19:39 Forging
23:03 Bow Saw
24:51 Gold Mining
25:20 Gillnets
26:16 Wheelbarrow
31:47 Imperial Age
29:50 Chain Barding Armor
31:07 Husbandry
31:45 Gold Shaft Mining
32:58 Iron Casting
31:59 Cavalier
34:09 Plate Barding Armor
36:36 Hand Cart
39:34 Paladin
41:21 Blast Furnace
小帮手绝活哥
5:08 Loom
15:19 Feudal Age
28:56 Double-Bit Axe
35:34 Castle Age
36:25 Wheelbarrow
36:19 Gold Mining
36:20 Stone Mining
36:39 Scale Barding Armor
36:45 Forging
39:04 Hand Cart
39:26 Gold Shaft Mining
39:15 Chain Barding Armor
39:31 Iron Casting
41:57 Bow Saw
沉着 冷静
4:32 Loom
14:15 Feudal Age
14:53 Double-Bit Axe
17:48 Castle Age
18:43 Town Watch
19:34 Wheelbarrow
19:41 Medium Warships
20:03 Bow Saw
20:01 Fletching
19:55 Horse Collar
21:30 Bodkin Arrow
22:49 Heavy Plow
23:16 Padded Archer Armor
25:41 Gold Mining
28:26 Hand Cart
28:46 Bloodlines
29:34 Ballistics
29:43 Leather Archer Armor
29:29 Husbandry
33:31 Imperial Age
32:09 Thumb Ring
34:28 Bracer
35:29 Chemistry
34:57 Parthian Tactics
33:54 Elite Mangudai
34:55 Conscription
34:03 Capped Ram
34:59 Masonry
35:04 Siege Ram
37:29 Hoardings
40:35 Drill
41:26 Siege Engineers
42:19 Murder Holes
809591945
8:14 Loom
13:24 Feudal Age
17:18 Castle Age
15:47 Double-Bit Axe
17:00 Gold Mining
17:32 Forging
17:41 Town Watch
18:22 Medium Warships
26:33 Imperial Age
24:34 Stone Mining
26:31 Coinage
29:21 Banking
35:21 Town Patrol
36:22 Fletching
一条固执的鱼
10:24 Loom
14:28 Feudal Age
19:59 Castle Age
18:34 Fletching
18:45 Double-Bit Axe
19:46 Horse Collar
21:15 Bow Saw
21:10 Bodkin Arrow
23:00 Wheelbarrow
24:42 Hand Cart
24:39 Gold Mining
29:44 Padded Archer Armor
32:43 Imperial Age
31:34 Ballistics
31:20 Stone Mining
31:34 Heavy Plow
33:48 Bracer
35:35 Chemistry
35:36 Arson
40:31 Forging
40:27 Scale Barding Armor
41:04 Husbandry
41:14 Bloodlines
41:49 Iron Casting
41:25 Elite Battle Elephant
42:53 Murder Holes
43:05 Siege Engineers
43:14 Masonry
45:18 Two-Man Saw
44:52 Crop Rotation
45:02 Stone Shaft Mining
45:04 Chatras
Connection lost

Rejoining the realm…

Still unreachable

The connection could not be restored.

Session expired

The server has moved on; the page needs a fresh start.